 Dungeon Crawl Stone Soup version 0.30.0-7-g0c4daa9e05 (webtiles) character file.

Game seed: 12073680821967681113

91 Atelerd the Digger (level 4, -5/22 (27) HPs)
             Began as an Octopode Earth Elementalist on May 13, 2023.
             Slain by a kobold brigand
             ... wielding a +2 dagger of draining
              (6 damage)
             ... on level 3 of the Dungeon.
             The game lasted 00:01:50 (2464 turns).

Atelerd the Digger (Octopode Earth Elementalist)    Turns: 2464, Time: 00:01:51

HP:   -5/22 (27)    AC:  1    Str:  7    XL:     4   Next: 59%
MP:   0/7           EV: 13    Int: 19    God:
Gold: 169           SH:  0    Dex: 12    Spells: 3/8 levels left

rFire   + . .        b - +0 dagger
rCold   + + .        (no shield)
rNeg    . . .        (helmet restricted)
rPois   +            (no amulet)
rElec   +            d - ring of protection from cold
rCorr   +            (no ring)
SInv    .            (no ring)
Will    .....        (no ring)
Stlth   +++          (no ring)
HPRegen 0.23/turn    (no ring)
MPRegen 0.10/turn    (no ring)
                     (no ring)

%: no passive effects
@: resistant, attractive, very slightly contaminated, heavily drained
A: almost no armour, amphibious, 8 rings, camouflage 1, gelatinous body 1,
(nimble swimmer 1), tentacles
a: no special abilities


You were on level 3 of the Dungeon.
You visited 1 branch of the dungeon, and saw 4 of its levels.

You collected 169 gold pieces.

Inventory:

Hand Weapons
 b - a +0 dagger (weapon)
Jewellery
 d - a ring of protection from cold (left tentacle)
Scrolls
 c - a scroll of silence {unknown}
 h - 2 scrolls of identify {unknown}
 i - 5 scrolls of teleportation {unknown}
 j - a scroll of noise {unknown}
 k - a scroll of fog {unknown}
Potions
 a - a potion of magic
 e - a potion of attraction
 g - a potion of cancellation {unknown}


   Skills:
 - Level 0.1 Fighting
 - Level 2.3 Dodging
 - Level 3.1 Stealth
 + Level 2.6 Spellcasting
 * Level 1.5 Transmutations
 * Level 4.2 Earth Magic


You had 3 spell levels left.
You knew the following spells:

 Your Spells              Type           Power      Damage    Failure   Level
a - Sandblast             Erth           36%        2d10      2%          1
p - Petrify               Tmut/Erth      13%        N/A       43%         4

Your spell library contained the following spells:

 Spells                   Type           Power      Damage    Failure   Level
 Passwall                 Tmut/Erth      10%        N/A       8%          2
 Beastly Appendage        Tmut           16%        N/A       9%          1
 Stone Arrow              Conj/Erth      20%        3d8       21%         3
 Scorch                   Fire           4%         2d5       24%         2
 Dazzling Flash           Conj/Hex       4%         N/A       43%         3
 Volatile Blastmotes      Fire/Tloc      4%         2d10      43%         3
 Iskenderun's Mystic Bla  Conj/Tloc      2%         2d3       85%         4
 Alistair's Intoxication  Tmut/Pois      3%         N/A       97%         5
 Irradiate                Conj/Tmut      2%         3d12      97%         5
 Starburst                Conj/Fire      1%         6d3       100%        6
 Storm Form               Tmut/Air       2%         N/A       100%        7


Dungeon Overview and Level Annotations

Branches:
Dungeon (4/15)
 Temple: D:4-7

Altars:

Shops:
D:2 [


Innate Abilities, Weirdness & Mutations

You cannot wear most types of armour.
You are amphibious.
You can wear up to eight rings at the same time.
Your skin changes colour to match your surroundings (Stealth+).
Your rubbery body absorbs attacks. (AC +1, EV +1)
((You are camouflaged when in or above water. (Stealth+)))
You have tentacles for arms and can constrict up to eight enemies at once.


Message History

You feel drained.
The kobold brigand hits you with a +2 dagger of draining.
You feel drained.
A kobold brigand is nearby!
What are your orders? t - Shout!
Orders for allies: a - Attack new target. p - Attack previous target. r - Retreat! s - Stop attacking. g - Guard the area. f - Follow me.
Anything else - Cancel.
Okay, then.
Okay, then.
Casting: Sandblast (safe; 2% risk of failure)
Confirm with . or Enter, or press ? or * to list all spells.
The spell is astonishingly dangerous to miscast (43% risk of failure)!
Continue anyway?
Aiming: Petrify (astonishingly dangerous; 43% risk of failure)
Press: ? - help, Shift-Dir - straight line, f/p - kobold brigand
Aim: a kobold brigand, wielding a +2 dagger of draining and quivering curare-tipped darts (heavily wounded, chance to affect: 47%)
You miscast Petrify.
You are very lightly contaminated with residual magic.
Multicoloured lights dance before your eyes.
The kobold brigand barely misses you.
The blast of sand hits the kobold brigand!
The kobold brigand is severely wounded.
The kobold brigand completely misses you.
The blast of sand hits the kobold brigand.
The kobold brigand is almost dead.
The kobold brigand hits you with a +2 dagger of draining.
You feel drained.
The kobold brigand hits you with a +2 dagger of draining.
* * * LOW HITPOINT WARNING * * *
You feel drained.
* * * LOW HITPOINT WARNING * * *
It was a potion of attraction.
You feel attractive to monsters. The kobold brigand barely misses you.
It was a potion of resistance.
You feel protected.
The kobold brigand hits you with a +2 dagger of draining.
You die...

#~≈≈≈~~ ###.)...###K.#
###≈######.)K))....)).#
..###.......#####.....#
....)...K.###≈≈≈####..#
##...######~~~~~≈~ ..## ####
~~~~~~~~#.## ####~~~###.#
####.K..# #@#####
################.....#
..................##.#
..................##.#
..................#..# ... #
..................#.## #.# .
.................†...###
#.#####
.......................####.#..
.
................)....#...##.#.#
#


You could see a kobold brigand.

Vanquished Creatures
  2 adders
  3 worms (D:2)
  2 dart slugs
  4 endoplasms
  8 goblins
  9 hobgoblins
  4 jackals (D:1)
  4 quokkas
  5 ball pythons
  5 bats
  A frilled lizard (D:2)
  8 kobolds
  A rat (D:2)
56 creatures vanquished.

Notes
Turn   | Place    | Note
-------+----------+-------------------------------------------
     0 | D:1      | Atelerd the Octopode Earth Elementalist began the quest for
                  | the Orb.
     0 | D:1      | Reached XP level 1. HP: 11/11 MP: 3/3
   158 | D:1      | Reached XP level 2. HP: 17/17 MP: 3/5
   691 | D:1      | Reached XP level 3. HP: 21/21 MP: 6/6
   877 | D:2      | Found a faded altar of an unknown god.
   908 | D:2      | Found Jaufeggy's Antique Armour Emporium.
  1416 | D:2      | Reached skill level 4 in Earth Magic
  1556 | D:2      | Reached XP level 4. HP: 27/27 MP: 7/7
  2018 | D:3      | Noticed a kobold brigand
  2125 | D:4      | Noticed a black bear
  2150 | D:3      | Learned a level 4 spell: Petrify
  2432 | D:3      | Got the Vellum of Metamorphic Burning
  2462 | D:3      | HP: 1/22 [kobold brigand/+2 dagger of draining (2)]
  2464 | D:3      | Slain by a kobold brigand

Illustrated notes

Levels and vault maps discovered:
D:1:      tarquinn_simple_flora_water_b, layout_basic
D:2:      layout_basic, serial_co_window_serial, co_window_of_opportunity_a,
          co_window_paths_b, co_window_corner_a, co_window_paths_b,
          co_window_corner_a, co_window_paths_b, co_window_corner_a,
          co_window_of_opportunity_b, co_window_broadway_b,
          co_window_of_opportunity_c, co_window_of_opportunity_c,
          co_window_unsneaky_path_a, co_window_of_opportunity_c,
          co_window_2corner, co_window_4corner_b, glass_columns_b,
          glass_columns_c, glass_columns_a, glass_columns_b, glass_columns_b,
          nicolae_ecumenical_oubliette, serial_shops, nicolae_diamond_shop
D:3:      cheibrodos_thug_alley, layout_basic, mainiacjoe_overflow_chevrons
D:4:      layout_rooms, temple_fountains, kennysheep_generic_room_15

Skill      XL: |  1  2  3 |
---------------+----------+-----
Stealth        | 3 |  3.1
Earth Magic    | 4 |  4.2
Fighting       | |  0.1
Dodging        | |  2.3
Spellcasting   | |  2.6
Transmutations | |  1.5

Action                     |  1- 3 |  4- 6 || total
---------------------------+-------+-------++-------
  Melee: Unarmed           |     1 |       ||     1
         Dagger            |    27 |     8 ||    35
         Constrict         |    11 |     3 ||    14
         Tentacles         |     6 |     1 ||     7
         Punch             |     1 |       ||     1
   Cast: Sandblast         |    41 |    30 ||    71
    Use: Potion            |       |     2 ||     2
   Stab: Sleeping          |     3 |       ||     3
 Armour: Skin              |     2 |       ||     2
  Dodge: Dodged            |    42 |    14 ||    56
